 Dungeon Crawl Stone Soup version 0.22-a0-533-g4d20840 (webtiles) character file.

45 inc the Skirmisher (level 3, 19/19 HPs)
             Began as a Felid Chaos Knight on June 22, 2018.
             Quit the game on level 2 of the Dungeon.
             The game lasted 00:04:09 (2454 turns).

inc the Skirmisher (Felid Chaos Knight)             Turns: 2454, Time: 00:04:10

Health: 19/19      AC:  1    Str:  8    XL:     3   Next: 42%
Magic:  4/4        EV: 18    Int: 14    God:    Xom [...*..]
Gold:   133        SH:  0    Dex: 15    Spells: 2/2 levels left
                                        Lives:  0   Deaths: 1

rFire    . . .     SeeInvis +     - Unarmed
rCold    . . .     Gourm    .   (shield unavailable)
rNeg     . . .     Faith    .   (armour unavailable)
rPois    .         Spirit   .   (helmet unavailable)
rElec    .         Reflect  .   (cloak unavailable)
rCorr    .         Harm     .   (gloves unavailable)
MR       .....                  (boots unavailable)
Stlth    ++........             (no amulet)
HPRegen  0.06/turn              (no ring)
MPRegen  0.09/turn              (no ring)

@: quick
A: very small, no armour, no weapons or thrown items, stealth, claws 1, fangs 3,
see invisible, carnivore, speed 1, shaggy fur 1, slow metabolism 1, sharp paws
a: Renounce Religion


You were on level 2 of the Dungeon.
You worshipped Xom.
You were a favourite toy of Xom.
You were not hungry.

You visited 1 branch of the dungeon, and saw 2 of its levels.

You collected 133 gold pieces.

Inventory:

Scrolls
 c - 2 scrolls of remove curse {unknown}
 d - 2 scrolls of blinking {unknown}
 e - a scroll of magic mapping {unknown}
 f - 2 scrolls of amnesia {unknown}
 h - 2 scrolls of identify {unknown}
 i - a scroll of fog {unknown}
 k - a scroll of teleportation {unknown}
Potions
 b - a potion of invisibility
 g - a potion of flight
 j - a potion of agility {unknown}
 l - a potion of mutation {unknown}
Comestibles
 a - 8 rations


   Skills:
 + Level 5.3 Fighting
 - Level 3.2 Dodging
 - Level 3.0 Unarmed Combat


You had 2 spell levels left.
You didn't know any spells.
Your spell library was empty.

Dungeon Overview and Level Annotations

Branches:
Dungeon (2/15)

Altars:
Fedhas

Annotations:
D:2 Jessica


Innate Abilities, Weirdness & Mutations

You cannot wear armour.
You are incapable of wielding weapons or throwing items.
Your paws allow you to move quietly. (Stealth)
You have sharp claws.
You have razor-sharp teeth.
You have supernaturally acute eyesight. (SInv)
You are carnivorous and can eat meat at any time.
You cover ground quickly.
You are covered in fur. (AC +1)
You have a slow metabolism.
Your sharp claws are effective at attacking unaware monsters.


Message History

Jessica is severely wounded.
Jessica mumbles something strange.
Jessica hits you but does no damage.
You barely miss Jessica.
Jessica is severely wounded.
Jessica hits you with a club!
* * * LOW HITPOINT WARNING * * *
You barely miss Jessica.
Jessica is severely wounded.
Jessica hits you with a club.
* * * LOW HITPOINT WARNING * * *
You scratch Jessica but do no damage.
Jessica is severely wounded.
Jessica points at you and mumbles some strange words.
Pain shoots through your body!
You die...
You are now level 3!
Xom is interested.
You rejoin the land of the living...
Are you sure you want to abandon this character and quit the game? (Confirm with "yes".)

###.....# ###....###### #
...###### #....# ...# ##...# ...#
#...# ...# #...#
...###########...################
...((........(...................
...##########.....###########....
...# #...@.# #.... ...# #.....#
#.... #### #.....# #.... #...(.#
#.... #.....# #.... #.....# #....
#.....# ##### #.....# #######


There were no monsters in sight!

Vanquished Creatures
  4 adders (D:2)
  An ooze (D:1)
  2 dart slugs
  A leopard gecko (D:2)
  10 giant cockroaches (D:2)
  4 goblins
  6 hobgoblins
  2 ball pythons
  7 bats
  3 frilled lizards
  7 kobolds
  7 rats
  A fungus (D:2)
55 creatures vanquished.

Vanquished Creatures (others)
  A fungus (D:2)
1 creature vanquished.

Grand Total: 56 creatures vanquished

Notes
Turn   | Place    | Note
-------+----------+-------------------------------------------
     0 | D:1      | inc the Felid Chaos Knight began the quest for the Orb.
     0 | D:1      | Reached XP level 1. HP: 10/10 MP: 2/2
   220 | D:1      | XOM: butterfly on damage
   406 | D:1      | Reached XP level 2. HP: 14/14 MP: 3/3
  1091 | D:2      | Reached skill level 4 in Fighting
  1102 | D:2      | XOM is BORED!
  1102 | D:2      | XOM: harmless Fire miscast
  1169 | D:2      | Noticed Jessica
  1201 | D:2      | XOM: divination: detect creatures
  1507 | D:2      | Reached XP level 3. HP: 18/18 MP: 4/4
  1558 | D:2      | XOM: cast spell 'Call Canine Familiar'
  1615 | D:2      | Found a blossoming altar of Fedhas.
  1627 | D:2      | XOM: potion effect (agility)
  1644 | D:2      | XOM: smoke on damage
  1650 | D:2      | Reached XP level 4. HP: 19/22 MP: 5/5
  1656 | D:2      | XOM: enchant monster (good)
  1968 | D:2      | Reached skill level 5 in Fighting
  2026 | D:2      | XOM: mild Erth miscast
  2073 | D:2      | XOM: harmless Conj miscast
  2094 | D:2      | XOM: god gift: runed chain mail {god gift}
  2095 | D:2      | XOM: scenery: 1 doors open
  2176 | D:2      | XOM: harmless Erth miscast
  2298 | D:2      | XOM: divination: magic mapping
  2362 | D:2      | XOM is BORED!
  2362 | D:2      | XOM: noise
  2442 | D:2      | XOM: potion effect (haste)
  2452 | D:2      | HP: 1/23 [Jessica/club (1)]
  2453 | D:2      | Killed from afar by Jessica
  2454 | D:2      | Reached XP level 3. HP: 0/19 MP: 4/4
  2454 | D:2      | Quit the game

Vault maps used:
D:1:      kennysheep_arrival_forest, serial_forest, infiniplex_forest_diagonal,
          infiniplex_forest_lined_room_3, infiniplex_forest_straight_2,
          infiniplex_forest_clump_diagonal, infiniplex_forest_lined_2,
          infiniplex_forest_straight_1, infiniplex_forest_clump_diagonal,
          minmay_hedge_maze, minmay_pentomino_x2
D:2:      minmay_roachtagon, minmay_misc_feat_five, fedhas_altar_3, uniq_jessica

Skill      XL: |  1  2  3  4 |
---------------+-------------+-----
Fighting       | 4 5 |  5.3
Dodging        | |  3.2
Unarmed Combat | |  3.0

Action                   |  1- 3 |  4- 6 || total
-------------------------+-------+-------++-------
Melee: Unarmed           |   125 |    42 ||   167
       Bite              |    16 |     2 ||    18
       Punch             |     1 |       ||     1
  Use: Potion            |     4 |       ||     4
 Stab: Sleeping          |     4 |     2 ||     6
       Invisible         |     3 |       ||     3
  Eat: Chunk             |     2 |     1 ||     3
Armor: Skin              |     4 |     3 ||     7
Dodge: Dodged            |    99 |    32 ||   131

Table legend:
 A = Spawn XP
 B = Non-spawn XP
 C = Spawn XP percentage of total XP
 D = Spawn monster count
 E = Non-spawn monster count
 F = Spawn count percentage of total count
 G = Total turns spent on level
                    A         B        C        D         E        F      G
               +---------+---------+-------+---------+---------+-------+---------
         Total |       0 |     141 |   0.0 |       0 |      54 |   0.0 |  2454
               +---------+---------+-------+---------+---------+-------+---------
           D:1 |       0 |      32 |   0.0 |       0 |      17 |   0.0 |  1519
           D:2 |       0 |     109 |   0.0 |       0 |      37 |   0.0 |   935
               +---------+---------+-------+---------+---------+-------+---------
